 Dungeon Crawl Stone Soup version 0.30.0-18-gc0e69614cb (webtiles) character file.

Game seed: 11463560860425777445

51 HakonGodeson the Chopper (level 4, 0/52 HPs)
             Began as a Human Berserker on May 24, 2023.
             Was a Believer of Trog.
             Slain by Terence
             ... wielding a +0 flail of holy wrath
              (12 damage)
             ... on level 2 of the Dungeon.
             The game lasted 00:02:49 (1207 turns).

HakonGodeson the Chopper (Human Berserker)          Turns: 1207, Time: 00:02:49

Health: 0/52       AC:  2    Str: 17    XL:     4   Next: 7%
Magic:  4/4        EV: 12    Int: 10    God:    Trog [**....]
Gold:   60         SH:  0    Dex: 12    Spells: 3/3 levels left

rFire   . . .        a - +0 hand axe
rCold   . . .        (no shield)
rNeg    . . .        b - +0 animal skin
rPois   .            (no helmet)
rElec   .            (no cloak)
rCorr   .            (no gloves)
SInv    .            (no boots)
Will    .....        (no amulet) Stlth
                     (no ring)
HPRegen 0.28/turn    (no ring)
MPRegen 0.09/turn

%: no passive effects
@: berserking, very quick
A: no striking features
a: Renounce Religion, Berserk, Trog's Hand


You were on level 2 of the Dungeon.
You worshipped Trog.
Trog was pleased with you.
You visited 1 branch of the dungeon, and saw 2 of its levels.

You collected 60 gold pieces.

Inventory:

Hand Weapons
 a - a +0 hand axe (weapon)
Armour
 b - a +0 animal skin (worn)
Jewellery
 c - an amulet of the acrobat
Scrolls
 d - a scroll of poison {unknown}
 e - a scroll of identify {unknown}
 f - a scroll of noise {unknown}
 i - a scroll of fog {unknown}
Potions
 g - a potion of heal wounds {unknown}
 h - a potion of lignification {unknown}


   Skills:
 * Level 3.5 Fighting
 * Level 3.6 Axes
 * Level 2.1 Armour
 * Level 2.3 Dodging
 * Level 1.0 Stealth


You had 3 spell levels left.
You didn't know any spells.
Your spell library was empty.

Dungeon Overview and Level Annotations

Branches:
Dungeon (2/15)

Altars:

Annotations:
D:2 Terence


Message History

Trog accepts your kill.
Your Stealth skill increases to level 1!
You have reached level 4!
You feel clever.
You now have 47 gold pieces (gained 2).
A goblin comes into view. It is wielding a +0 club.
A goblin is nearby!
You see here 13 gold pieces.
You now have 60 gold pieces (gained 13).
The goblin shouts!
You hear a shout!
The goblin hits you but does no damage.
You closely miss the goblin.
Terence the Incautious comes into view.
He is wielding a +0 flail of holy wrath and wearing a +1 ring mail of cold resistance.
The goblin hits you with a +0 club.
You closely miss the goblin.
Terence says, "You're history."
The goblin closely misses you.
You slash the goblin!
You kill the goblin!
Trog accepts your kill.
Things that are here:
a +0 club; a scroll labelled LUX BIPAETWARY
i - a scroll labelled LUX BIPAETWARY Terence says, "Time to say good-bye..."
A red film seems to cover your vision as you go berserk!
You feel yourself moving faster!
You feel mighty!
Terence drinks a potion.
Terence goes berserk!
You feel a strong urge to attack something.
Terence closely misses you.
You closely miss Terence.
Terence hits you with a +0 flail of holy wrath!
Terence hits you with a +0 flail of holy wrath!!
You hit Terence but do no damage. Terence barely misses you.
You closely miss Terence. You hit Terence.
Terence is lightly wounded.
Terence hits you with a +0 flail of holy wrath!
* * * LOW HITPOINT WARNING * * *
Terence hits you with a +0 flail of holy wrath!
You die...

..# #.........# #†##
#.........# ...##
#.........# ....# #
#.........# ..#.####
#.#.........#
..#....###.#.(.......#
..####..##...........#
..#
##.####.........###
### #...##...)@@......
###.##............
#...########....
........#..### ###
..!.....##...#
......[.####.#
........# ..#
........# #...
#+#....## ##.#


You could see Terence (berserk).

Vanquished Creatures
  An adder (D:2)
  10 ball pythons (D:1)
  3 endoplasms (D:1)
  2 giant cockroaches
  5 goblins
  A hobgoblin (D:2)
  4 quokkas (D:1)
  7 bats
  2 frilled lizards
  3 kobolds (D:1)
  2 rats (D:1)
40 creatures vanquished.

Notes
Turn   | Place    | Note
-------+----------+-------------------------------------------
     0 | D:1      | HakonGodeson the Human Berserker began the quest for the
                  | Orb.
     0 | D:1      | Reached XP level 1. HP: 18/18 MP: 1/1
    85 | D:1      | Reached XP level 2. HP: 15/24 MP: 2/2
   551 | D:1      | Reached XP level 3. HP: 28/29 MP: 3/3
   795 | D:1      | Reached ** piety under Trog
  1167 | D:2      | Reached skill level 1 in Stealth
  1167 | D:2      | Reached XP level 4. HP: 30/35 MP: 4/4
  1197 | D:2      | Noticed Terence
  1207 | D:2      | Slain by Terence

Illustrated notes

Levels and vault maps discovered:
D:1:      arrival_zaba_pyramid, layout_loops_corners
D:2:      layout_basic, shapermc_ecumenical_altar_venn, uniq_terence, uniq_robin

Skill      XL: |  1  2  3 |
---------------+----------+-----
Stealth        | 1 |  1.0
Fighting       | |  3.5
Axes           | |  3.6
Armour         | |  2.1
Dodging        | |  2.3

Action                     |  1- 3 |  4- 6 || total
---------------------------+-------+-------++-------
  Melee: Hand axe          |    98 |     7 ||   105
         Punch             |     1 |       ||     1
 Invoke: Berserk           |       |     1 ||     1
   Stab: Sleeping          |     1 |       ||     1
 Armour: Animal skin       |    21 |     1 ||    22
  Dodge: Dodged            |    90 |     3 ||    93
